 Dungeon Crawl Stone Soup version 0.24.1-14-gf8d2b509d9 (webtiles) character file.

Game seed: 9030370151125673817, levelgen mode: deterministic

168 mortelune the Changer (level 5, -4/44 HPs)
             Began as a Naga Transmuter on May 21, 2020.
             Killed by divine providence
             ... invoked by an orc priest
              (12 damage)
             ... on level 3 of the Dungeon.
             The game lasted 00:05:50 (3852 turns).

mortelune the Changer (Naga Transmuter)             Turns: 3852, Time: 00:05:50

Health: -4/44      AC:  2    Str: 12    XL:     5   Next: 48%
Magic:  1/9        EV: 25    Int: 14    God:
Gold:   145        SH:  0    Dex: 12    Spells: 4/10 levels left

rFire    . . .     SeeInvis +     - Unarmed
rCold    . . .     Gourm    .   (no shield)
rNeg     . . .     Faith    .   b - +0 robe
rPois    +         Spirit   .   (no helmet)
rElec    .         Reflect  .   n - scarf {repulsion}
rCorr    .         Harm     .   (no gloves)
MR       .....                  (no barding)
Stlth    +.........             q - amulet of the acrobat
HPRegen  0.14/turn              (no ring)
MPRegen  0.11/turn              (no ring)

@: appendage, acrobat, very slightly contaminated, repel missiles, very slow
A: large, horns 2, see invisible, deformed body, poison resistance, slowness 2,
slow metabolism 1, spit poison 1, AC +1
a: Spit Poison, End Transformation


You were on level 3 of the Dungeon.
You were hungry.
You had grown temporary horns.
You visited 1 branch of the dungeon, and saw 3 of its levels.

You collected 145 gold pieces.

Inventory:

Missiles
 Q - 49 arrows
Armour
 b - a +0 robe (worn)
 n - a scarf of repulsion (worn)
Jewellery
 a - an uncursed amulet of rage
 q - an amulet of the acrobat (around neck)
Scrolls
 c - a scroll of fear {unknown}
 e - 4 scrolls of identify {unknown}
 g - a scroll of teleportation {unknown}
 j - a scroll of enchant weapon {unknown}
 k - a scroll of remove curse {unknown}
 m - 2 scrolls of amnesia {unknown}
 o - 2 scrolls of blinking {unknown}
 p - a scroll of fog {unknown}
 s - a scroll of random uselessness {unknown}
Potions
 f - a potion of mutation {unknown}
 h - a potion of might {unknown}
 i - a potion of cancellation {unknown}
 l - a potion of degeneration {unknown}
 t - a potion of magic {unknown}
Comestibles
 d - 7 rations
 r - a chunk of flesh


   Skills:
 - Level 1.0 Fighting
 - Level 1.5 Dodging
 + Level 3.9 Unarmed Combat
 + Level 3.0 Spellcasting
 * Level 4.1 Transmutations


You had 4 spell levels left.
You knew the following spells:

 Your Spells              Type           Power        Failure   Level  Hunger
a - Beastly Appendage     Tmut           ##....       3%          1    #......
b - Sticks to Snakes      Tmut           ##......     6%          2    ##.....
c - Spider Form           Tmut/Pois      #.........   26%         3    ###....

Your spell library contained the following spells:

 Spells                   Type           Power        Failure   Level  Hunger
 Ice Form                 Ice/Tmut       #.......     65%         4    #####..
 Blade Hands              Tmut           ##........   71%         5    ######.


Dungeon Overview and Level Annotations

Branches:
Dungeon (3/15)

Altars:
Dithmenos
Zin
The Shining One

Shops:
D:2 *


Innate Abilities, Weirdness & Mutations

You cannot wear boots.
Your serpentine skin is tough. (AC +1)
You have supernaturally acute eyesight. (SInv)
Armour fits poorly on your strangely shaped body.
Your system is resistant to poisons. (rPois)
You cover ground very slowly.
You have a slow metabolism.
You can spit poison.
You have a pair of horns on your head.


Message History

* * * LOW HITPOINT WARNING * * *
The goblin hits you.
* * * LOW HITPOINT WARNING * * *
You swap places.
Your ball python bites the giant cockroach but does no damage.
Your ball python completely misses the giant cockroach.
Your ball python closely misses the goblin.
Your ball python barely misses the goblin.
The orc throws a boomerang.
The boomerang barely misses your ball python.
The boomerang completely misses you.
The weapon returns to the orc!
The giant cockroach closely misses your ball python.
Your ball python bites the giant cockroach.
Your ball python barely misses the giant cockroach.
The goblin barely misses your ball python.
Your ball python closely misses the goblin.
Your ball python barely misses the goblin.
The orc priest mumbles some strange prayers to Beogh against you.
Beogh smites you!
You die...

..# ######..#
#..# ..# ##.#
#..#### ... #..
#.....#
#..###.#..#
#..# #.#..#
#...##.#..#
##.........#
...........###.
.......@.......
.......SS#.##..
......sgo#.# .
.......o.# #
.........#
.........#
.......>..
..........
.........##


You could see an orc priest, an orc, a giant cockroach, a goblin and 2 friendly
ball pythons.

Vanquished Creatures
  2 orc priests (D:3)
  3 adders (D:2)
  4 worms (D:2)
  7 dart slugs
  2 leopard geckos
  5 bats
  5 giant cockroaches (D:2)
  4 goblins
  8 hobgoblins
  9 kobolds
  A quokka (D:2)
  2 frilled lizards (D:1)
  7 rats
59 creatures vanquished.

Notes
Turn   | Place    | Note
-------+----------+-------------------------------------------
     0 | D:1      | mortelune the Naga Transmuter began the quest for the Orb.
     0 | D:1      | Reached XP level 1. HP: 18/18 MP: 3/3
   122 | D:1      | Reached XP level 2. HP: 25/25 MP: 3/5
   164 | D:1      | Learned a level 2 spell: Sticks to Snakes
   425 | D:1      | Found a glowing golden altar of the Shining One.
   848 | D:1      | Reached XP level 3. HP: 20/31 MP: 6/6
   853 | D:1      | Learned a level 3 spell: Spider Form
  1262 | D:2      | Reached skill level 3 in Transmutations
  2143 | D:2      | Reached XP level 4. HP: 8/38 MP: 7/7
  2524 | D:2      | Found Zin's Purification Station.
  2629 | D:2      | Found a glowing silver altar of Zin.
  2969 | D:2      | Found a shadowy altar of Dithmenos.
  3608 | D:3      | Reached XP level 5. HP: 30/44 MP: 5/9
  3831 | D:3      | Reached skill level 4 in Transmutations
  3852 | D:3      | Killed from afar by an orc priest

Levels and vault maps discovered:
D:1:      nicolae_arrival_memento_mori, layout_basic, tso_metal_star
D:2:      layout_basic, zin_purify, nicolae_dithmenos_through_a_glass_darkly,
          minmay_quadrilaterals
D:3:      layout_basic, first_ration, tgw_kikubaaqudgha

Skill      XL: |  1  2  3  4  5 |
---------------+----------------+-----
Transmutations | 3 4 |  4.1
Spellcasting   | 3 |  3.0
Fighting       | |  1.0
Dodging        | |  1.5
Unarmed Combat | |  3.9

Action                   |  1- 3 |  4- 6 || total
-------------------------+-------+-------++-------
Melee: Unarmed           |   150 |    89 ||   239
       Headbutt          |     3 |     1 ||     4
       Punch             |     1 |     2 ||     3
 Cast: Beastly Appendage |     6 |     2 ||     8
       Spider Form       |     1 |     9 ||    10
       Sticks to Snakes  |     1 |     3 ||     4
 Abil: Spit Poison       |     1 |       ||     1
  Eat: Chunk             |     3 |     5 ||     8
Armor: Robe              |    30 |    14 ||    44
       Skin              |       |     2 ||     2
Dodge: Dodged            |   100 |    77 ||   177
